 Dungeon Crawl Stone Soup version 0.31.0-4-g52a2dc7128 (webtiles) character file.

Game seed: 14721109552509676629

137 case the Shooter (level 5, -5/41 HPs)
             Began as an Armataur Hunter on Jan 22, 2024.
             Slain by a gnoll
             ... wielding a +0 halberd
              (9 damage)
             ... on level 4 of the Dungeon.
             The game lasted 00:05:50 (2161 turns).

case the Shooter (Armataur Hunter)                  Turns: 2161, Time: 00:05:51

Health: -5/41      AC:  6    Str: 18    XL:     5   Next: 0%
Magic:  5/5        EV:  8    Int: 10    God:
Gold:   135        SH:  0    Dex: 13    Spells: 4/4 levels left

rFire   . . .        a - +0 shortbow
rCold   . . .        (shield currently unavailable)
rNeg    . . .        n - +0 ring mail
rPois   .            (no helmet)
rElec   .            (no cloak)
rCorr   .            h - +0 pair of gloves
SInv    +            (no barding)
Will    .....        (no amulet)
Stlth   +            l - ring of see invisible
HPRegen 0.26/turn    (no ring)
MPRegen 0.09/turn

%: roll
@: no status effects
A: large, deformed body, tough skin 3, armoured tail, roll 1
a: no special abilities


You were on level 4 of the Dungeon.
You visited 1 branch of the dungeon, and saw 4 of its levels.

You collected 135 gold pieces.

Inventory:

Hand Weapons
 a - a +0 shortbow (weapon)
Armour
 c - a +0 leather armour
 h - a +0 pair of gloves (worn)
 n - a +0 ring mail (worn)
Jewellery
 l - a ring of see invisible (left hand)
Scrolls
 b - 2 scrolls of butterflies
 d - a scroll of vulnerability {unknown}
 e - 3 scrolls of identify {unknown}
 g - 2 scrolls of fear {unknown}
 i - a scroll of teleportation {unknown}
 k - a scroll of noise {unknown}
 p - a scroll of amnesia {unknown}
 r - a scroll of poison {unknown}
Potions
 f - a potion of magic {unknown}
 j - a potion of curing {unknown}
 m - a potion of ambrosia {unknown}
 o - 3 potions of haste {unknown}
 q - a potion of attraction {unknown}
 s - a potion of brilliance {unknown}


   Skills:
 - Level 1.8 Fighting
 * Level 4.7 Ranged Weapons
 - Level 1.4 Dodging
 - Level 1.2 Stealth


You had 4 spell levels left.
You didn't know any spells.
Your spell library contained the following spells:

 Spells                   Type           Power      Damage    Failure   Level
 Volatile Blastmotes      Fire/Tloc      0%         2d10      90%         3
 Fulminant Prism          Conj/Alch      0%         3d5       100%        4
 Iskenderun's Mystic Bla  Conj/Tloc      0%         2d3       100%        4


Dungeon Overview and Level Annotations

Branches:
Dungeon (4/15)
 Temple: D:4-7

Altars:


Innate Abilities, Weirdness & Mutations

Armour fits poorly on your strangely shaped body.
You have extremely tough skin. (AC +3)
You have a long armoured tail.
You regenerate magic when rolling toward enemies. (Rampage MPRegen)


Message History

You kill the adder!
You feel sick.
You are no longer poisoned.
You roll towards the dart slug!
You shoot an arrow.
The arrow hits the dart slug but does no damage.
The dart slug bites you but does no damage.
You shoot an arrow.
The arrow hits the dart slug but does no damage.
You hear a shout!
The dart slug launches a dart at you. The slug dart hits you.
You hear a shout! x3
You shoot an arrow.
The arrow hits the dart slug but does no damage.
The dart slug launches a dart at you.
The slug dart hits you but does no damage.
You shoot an arrow. The arrow hits the dart slug.
The dart slug is moderately wounded.
The dart slug bites you but does no damage.
You shoot an arrow. The arrow hits the dart slug.
The dart slug is almost dead.
The dart slug bites you.
You shoot an arrow. The arrow hits the dart slug.
You kill the dart slug!
You have reached level 5!
A gnoll comes into view. It is wielding a +0 halberd.
The gnoll hits you with a +0 halberd!
A hound comes into view.
You shoot an arrow. The hound barks!
The arrow hits the gnoll.
The gnoll is moderately wounded.
The gnoll hits you with a +0 halberd!
You shoot an arrow.
The arrow hits the gnoll but does no damage.
The gnoll is moderately wounded.
The gnoll hits you with a +0 halberd!
* * * LOW HITPOINT WARNING * * *
The gnoll hits you with a +0 halberd!
You die...

.... #######... #........
#.......# #+# # #.......#
#.# .# # #.......#
#.###.####
.##.#.......####.........
............#...<#.######
#....g@.....####.#
#.#.††)).........#
#.##...>#.######
#.....###.# #.###.....#
.. ##....# #. ...+# #
#(.... ####..


You could see a gnoll.

Vanquished Creatures
  Robin (D:3)
  6 adders
  A ribbon worm (D:3)
  4 dart slugs
  2 orcs (D:3)
  5 endoplasms
  A giant cockroach (D:3)
  8 hobgoblins
  6 kobolds
  2 quokkas
  2 ball pythons (D:1)
  4 bats
  3 frilled lizards
  12 goblins
  3 rats
60 creatures vanquished.

Notes
Turn   | Place    | Note
-------+----------+-------------------------------------------
     0 | D:1      | case the Armataur Hunter began the quest for the Orb.
     0 | D:1      | Reached XP level 1. HP: 17/17 MP: 1/1
     5 | D:1      | Reached skill level 3 in Ranged Weapons
   114 | D:1      | Reached XP level 2. HP: 24/24 MP: 2/2
   523 | D:2      | Reached XP level 3. HP: 25/29 MP: 3/3
   773 | D:2      | Found a faded altar of an unknown god.
  1082 | D:3      | Reached skill level 4 in Ranged Weapons
  1089 | D:3      | Noticed Robin
  1098 | D:3      | Killed Robin
  1099 | D:3      | Reached XP level 4. HP: 25/36 MP: 4/4
  2155 | D:4      | Reached XP level 5. HP: 31/41 MP: 5/5
  2161 | D:4      | Slain by a gnoll

Illustrated notes

Levels and vault maps discovered:
D:1:      dpeg_arrival_pits, layout_rooms,
          nicolae_concentric_dashed_squares_wild
D:2:      layout_basic, serial_forest, infiniplex_forest_lined_1,
          infiniplex_forest_lined_1, infiniplex_forest_corner_1,
          infiniplex_forest_zigzag_1, infiniplex_forest_zigzag_1,
          infiniplex_forest_clump_small, hellmonk_ecumenical_altar_leap_of_faith
D:3:      layout_basic, uniq_crazy_yiuf_cottage, uniq_robin
D:4:      layout_basic, mainiacjoe_overflow_surrounded_room, old_standard_altar,
          minmay_bent

Skill      XL: |  1  2  3 |
---------------+----------+-----
Ranged Weapons | 3 4 |  4.7
Fighting       | |  1.8
Dodging        | |  1.4
Stealth        | |  1.2

Action                     |  1- 3 |  4- 6 || total
---------------------------+-------+-------++-------
   Fire: Shortbow          |    97 |   144 ||   241
 Armour: Leather armour    |    16 |       ||    16
         Ring mail         |     6 |    79 ||    85
  Dodge: Dodged            |     5 |    54 ||    59
